 Dungeon Crawl Stone Soup version 0.27.1-1-g398f81649c (webtiles) character file.

Game seed: 8212970014214699173

67 H0rd4k the Insei (level 4, 0/42 HPs)
             Began as an Octopode Transmuter on Sept 9, 2021.
             Succumbed to an adder's poison
             ... on level 2 of the Dungeon.
             The game lasted 00:01:11 (1887 turns).

H0rd4k the Insei (Octopode Transmuter)              Turns: 1887, Time: 00:01:11

Health: 0/42       AC: 22    Str:  9    XL:     4   Next: 16%
Magic:  7/7        EV:  2    Int: 16    God:
Gold:   54         SH:  0    Dex: 12    Spells: 4/8 levels left

rFire    . . .     SeeInvis .     - Unarmed
rCold    . . .     Faith    .   (no shield)
rNeg     + + +     Spirit   .   (helmet currently unavailable)
rPois    +         Reflect  .   (no amulet)
rElec    .         Harm     .   (no ring)
rCorr    .         Rampage  .   (no ring)
Will     .....     NoTele   +   (no ring)
Stlth    +.........             (no ring)
HPRegen  0.14/turn              (no ring)
MPRegen  0.10/turn              (no ring)
                                (no ring)
                                (no ring)

@: mighty, brilliant, lethally poisoned (0 -> -5), tree-form, very slightly
contaminated, invisible
A: stationary, stasis, torment immunity, boosted hp, almost no armour,
(amphibious), 8 rings, (camouflage 1), (gelatinous body 1), (nimble swimmer 1),
(tentacles)
a: no special abilities


You were on level 2 of the Dungeon.
You were a tree.
You visited 1 branch of the dungeon, and saw 2 of its levels.

You collected 54 gold pieces.

Inventory:

Jewellery
 i - a ring of poison resistance
Scrolls
 b - a scroll of magic mapping {unknown}
 e - a scroll of enchant armour {unknown}
 f - a scroll of identify {unknown}
Potions
 g - a potion of berserk rage {unknown}
 h - a potion of brilliance
 j - a potion of curing {unknown}


   Skills:
 + Level 1.0 Fighting
 + Level 2.3 Dodging
 + Level 3.8 Unarmed Combat
 * Level 2.5 Spellcasting
 * Level 2.6 Transmutations
 * Level 0.7 Poison Magic


You had 4 spell levels left.
You knew the following spells:

 Your Spells              Type           Power      Damage    Failure   Level
a - Beastly Appendage     Tmut           30%        N/A       7%          1
b - Spider Form           Tmut/Pois      5%         N/A       28%         3

Your spell library contained the following spells:

 Spells                   Type           Power      Damage    Failure   Level
 Wereblood                Tmut           15%        N/A       10%         2
 Ice Form                 Ice/Tmut       9%         N/A       75%         4


Dungeon Overview and Level Annotations

Branches:
Dungeon (2/15)

Altars:


Innate Abilities, Weirdness & Mutations

You are a tree.
Your roots penetrate the ground, keeping you stationary.
You cannot be teleported.
You are immune to unholy pain and torment.
Your maximum health is greatly increased.
You cannot wear most types of armour.
((You are amphibious.))
You can wear up to eight rings at the same time.
((Your skin changes colour to match your surroundings (Stealth+).))
((Your rubbery body absorbs attacks. (AC +1, EV +1)))
((You are camouflaged near water. (Stealth+)))
((You have tentacles for arms and can constrict up to eight enemies at once.))


Message History

You feel very sick. The adder closely misses you.
You closely miss the adder. Your grab misses the adder.
The adder is lightly wounded.
You feel sick. The adder misses you. The adder bites you but does no damage.
You closely miss the adder. Your grab misses the adder.
Your squeeze misses the adder.
The adder is lightly wounded.
You feel sick. The adder bites you.
* * * LOW HITPOINT WARNING * * *
You are lethally poisoned!
The adder poisons you!
You closely miss the adder. You grab the adder.
The adder is lightly wounded.
You constrict the adder.
* * * LOW HITPOINT WARNING * * *
You feel very sick. The adder misses you.
You tentacle-slap the adder.
The adder is heavily wounded.
You constrict the adder.
* * * LOW HITPOINT WARNING * * *
You feel sick. The adder misses you.
It was a potion of lignification.
You turn into a tree.
Your roots penetrate the ground.
You lose your grip on the adder.
* * * LOW HITPOINT WARNING * * *
You feel sick. The adder bites you but does no damage.
Okay, then.
It was a potion of brilliance.
You feel clever all of a sudden.
* * * LOW HITPOINT WARNING * * *
You feel sick.
The adder bites you but does no damage. x2
It was a potion of invisibility.
You fade into invisibility!
* * * LOW HITPOINT WARNING * * *
You feel sick. The adder bites you but does no damage.
You are very lightly contaminated with residual magic.
It was a potion of might.
You feel very mighty all of a sudden.
You die...

#...#####
#.$.....# #.......
#...... ..... ...
#S# #♣# #.# #.#
#.# ## #.# ####.
#.# ##.)..
#.######### #.....
#.........# #....P
#########.###...P.


You could see an adder.

Vanquished Creatures
  An iguana (D:2)
  A worm (D:2)
  A dart slug (D:1)
  An orc (D:2)
  2 bats (D:1)
  2 endoplasms (D:1)
  2 giant cockroaches (D:1)
  7 goblins
  2 hobgoblins
  5 jackals
  A quokka (D:1)
  4 ball pythons
  2 frilled lizards
  2 kobolds (D:1)
  A rat (D:1)
34 creatures vanquished.

Notes
Turn   | Place    | Note
-------+----------+-------------------------------------------
     0 | D:1      | H0rd4k the Octopode Transmuter began the quest for the Orb.
     0 | D:1      | Reached XP level 1. HP: 13/13 MP: 3/3
   324 | D:1      | Reached XP level 2. HP: 18/18 MP: 5/5
  1083 | D:1      | Reached XP level 3. HP: 17/23 MP: 6/6
  1090 | D:1      | Learned a level 3 spell: Spider Form
  1549 | D:2      | Found a faded altar of an unknown god.
  1748 | D:2      | Reached XP level 4. HP: 20/28 MP: 7/7
  1885 | D:2      | HP: 1/42 [poisoned by an adder]
  1887 | D:2      | Succumbed to an adder's poison

Illustrated notes

Levels and vault maps discovered:
D:1:      psy_arrival_conway, layout_basic, fountainhead
D:2:      layout_basic, dreamdust_ecumenical_altar_grove, serial_park_tiny_2,
          hangedman_decor_clover_reticule, corexii_shack

Action                   |  1- 3 |  4- 6 || total
-------------------------+-------+-------++-------
Melee: Unarmed           |    75 |    12 ||    87
       Constrict         |    22 |     2 ||    24
       Tentacles         |    19 |     2 ||    21
  Use: Potion            |       |     4 ||     4
 Stab: Sleeping          |     8 |       ||     8
Armor: Skin              |    10 |     5 ||    15
Dodge: Dodged            |    35 |     7 ||    42
